 Dungeon Crawl Stone Soup version 0.30-a0-782-ge64f9170bb (webtiles) character file.

Game seed: 4998181076507644581

22717 2tousent the Ripper (level 12, -1/60 HPs)
             Began as a Felid Berserker on Feb 19, 2023.
             Was a Priest of Trog.
             Killed from afar by a deep elf zephyrmancer (25 damage)
             ... with a bolt of lightning
             ... on level 1 of the Orcish Mines.
             The game lasted 00:40:43 (16761 turns).

2tousent the Ripper (Felid Berserker)              Turns: 16761, Time: 00:40:44

Health: -1/60      AC:  3    Str: 13    XL:     12   Next: 65%
Magic:  13/13      EV: 50    Int:  9    God:    Trog [***...]
Gold:   2052       SH:  0    Dex: 20    Spells: 11/11 levels left
                                        Lives:  0   Deaths: 3

rFire   . . .      SeeInvis +      - Unarmed
rCold   + . .      Faith    .    (shield unavailable)
rNeg    . . .      Spirit   .    (body armour unavailable)
rPois   +          Reflect  .    (helmet unavailable)
rElec   .          Harm     .    (cloak unavailable)
rCorr   .          Rampage  .    (gloves unavailable)
Will    +....                    (boots unavailable)
Stlth   ++++++                   H - amulet of the acrobat
HPRegen 0.30/turn                u - ring of poison resistance
MPRegen 0.13/turn                b - +5 ring of evasion

@: about to teleport, acrobatic, quick
A: very small, claws 1, fangs 3, see invisible, speed 1, shaggy fur 3, stealthy
paws, no weapons or thrown items, no armour, multi-lived
a: Renounce Religion, Berserk, Trog's Hand


You were on level 1 of the Orcish Mines.
You worshipped Trog.
Trog was most pleased with you.
You visited 3 branches of the dungeon, and saw 17 of its levels.
You also visited: Ice Cave and Volcano.

You collected 2113 gold pieces.
You spent 61 gold pieces at shops.

Inventory:

Jewellery
 b - a +5 ring of evasion (right paw)
 e - a ring of ice
 f - an amulet of magic regeneration
 k - a ring of willpower
 o - an amulet of faith
 s - a ring of willpower
 u - a ring of poison resistance (left paw)
 A - a ring of positive energy
 D - a ring of ice
 F - a +5 ring of evasion
 G - a ring of protection from cold
 H - an amulet of the acrobat (around neck)
 M - a +5 ring of evasion
 N - a ring of positive energy
Wands
 x - a wand of flame (32)
 y - a wand of roots (12)
 B - a wand of acid (3)
 E - a wand of digging (4)
 J - a wand of paralysis (3)
Scrolls
 c - 10 scrolls of identify
 d - 11 scrolls of teleportation
 i - a scroll of butterflies
 t - a scroll of silence
 v - 7 scrolls of fear
 C - a scroll of immolation
 I - 2 scrolls of poison
 K - a scroll of magic mapping
Potions
 a - 7 potions of might
 g - 7 potions of brilliance
 h - 8 potions of curing
 j - 6 potions of lignification
 l - 3 potions of resistance
 m - 2 potions of cancellation
 n - 2 potions of attraction
 p - 4 potions of berserk rage
 q - 3 potions of haste
 r - 2 potions of mutation
 w - 2 potions of flight
 z - 3 potions of heal wounds
 L - a potion of degeneration
Miscellaneous
 O - a phial of floods


   Skills:
 + Level 11.7 Fighting
 + Level 15.0 Dodging
 + Level 15.7 Stealth
 * Level 20.1 Unarmed Combat
 + Level 5.9 Evocations


You had 11 spell levels left.
You didn't know any spells.
Your spell library was empty.

Dungeon Overview and Level Annotations

Branches:
Dungeon (11/15)            Temple (0/1) D:5            Lair (5/5) D:8
  Swamp (0/4) Lair:3       Spider (0/4) Lair:2        Slime (0/5) Lair:4
    Orc (1/2) D:10          IceCv (visited)         Volcano (visited)

Altars:
Fedhas
Makhleb
Nemelex Xobeh
Qazlal
Sif Muna
Vehumet
Wu Jian
Yredelemnul
Zin
The Shining One
Jiyva

Shops:
D:1 [   D:3 :*   D:9 *   D:10 ?

Portals:
Trove: D:10 (give 5 potions of resistance)

Annotations:
D:3 2 transporters, LowRida's ghost, amateur TrEE
D:4 3 runed translucent doors, flestrin's ghost, amateur DECj
D:11 3 runed translucent doors
Lair:2 2 runed translucent doors, 1 exclusion, Shym's ghost, journeyman HOMo
Lair:3 2 transporters, bmj180's ghost, adept GrEE


Innate Abilities, Weirdness & Mutations

You have sharp claws.
You have razor-sharp teeth.
You have supernaturally acute eyesight. (SInv)
You cover ground quickly. (Speed+)
Your thick and shaggy fur keeps you warm. (AC +3, rC+)
Your paws help you pounce on unaware monsters.
You are incapable of wielding weapons or throwing items.
You cannot wear armour.
You gain extra lives every three experience levels.


Message History

The bolt of lightning misses you.
The deep elf pyromancer mumbles some strange words.
The deep elf pyromancer blinks!
As you read the scroll of teleportation, it crumbles to dust.
You feel strangely unstable.
The deep elf pyromancer gestures wildly while chanting.
The deep elf pyromancer blinks!
As you read the scroll of butterflies, it crumbles to dust.
You hear the flapping of tiny wings.
The deep elf pyromancer is knocked back by the sudden gust.
The deep elf zephyrmancer is knocked back by the sudden gust.
The deep elf zephyrmancer hits your butterfly with a +0 short sword.
Your butterfly dies!
Your butterfly disappears in a burst of colours!
The deep elf zephyrmancer gestures wildly while chanting.
The deep elf zephyrmancer blinks!
The deep elf pyromancer mumbles some strange words.
The deep elf pyromancer blinks!
The deep elf pyromancer points at you and mumbles some strange words.
The bolt of fire hits your butterfly!!
Your butterfly dies!
Your butterfly disappears in a burst of colours!
The bolt of fire misses you. The bolt of fire misses your butterfly.
You swap places.
The deep elf zephyrmancer hits your butterfly with a +0 short sword!
Your butterfly dies!
Your butterfly disappears in a burst of colours!
The deep elf zephyrmancer barely misses your butterfly.
The deep elf zephyrmancer gestures at you while chanting.
The bolt of lightning hits your butterfly!
Your butterfly dies!
Your butterfly disappears in a burst of colours!
The bolt of lightning hits your butterfly!
Your butterfly dies!
Your butterfly disappears in a burst of colours!
The bolt of lightning hits your butterfly!!
Your butterfly dies!
Your butterfly disappears in a burst of colours!
The bolt of lightning misses you. The bolt of lightning hits you!!
You die...

##.###.#....##
#..........##
##.....#...###
###....#.##.##
#..........b#####
##.#.##....e.....
#####b...b~~~e~≈
##b#.bbb≈e≈≈≈≈
#@.be§~≈######
##b..be~#.§..#
#.bbb.e≈e..".>≈
#b.bb.b≈#..=.#~
#bbbbbb~≈######
##.#.bb~~≈≈
#.......~~~~
##.#..........
#...#...####..


You could see a deep elf pyromancer (ally target) and 4 deep elf zephyrmancers.

Vanquished Creatures
  A white draconian (IceCv)
  3 hydras
  Fannar (Lair:1)
  3 catoblepae (Lair:5)
  2 two-headed ogres
  2 boulder beetles
  A dancing weapon (Volcano)
  9 death yaks
  Nergalle (Lair:3)
  Sonja (D:11)
  Amaemon (D:11)
  Urug (Lair:1)
  2 skysharks
  A swamp dragon (Lair:3)
  2 lindwurms (Lair:5)
  5 wizards (Volcano)
  Pikel (D:5)
  2 cyclopes (D:11)
  3 manticores
  5 toenail golems (Volcano)
  2 ice statues (IceCv)
  7 elephants
  4 black mambas
  Joseph (D:10)
  8 cane toads
  An unseen horror (D:11)
  Maggie (D:6)
  An orange demon (D:11)
  8 rime drakes
  6 komodo dragons
  2 trolls (D:10)
  2 polar bears
  Grinder (D:5)
  10 blink frogs
  A dream sheep (Lair:4)
  2 jumping spiders (Lair:2)
  Sigmund (D:3)
  3 wraiths
  A shadow (D:11)
  54 yaks
  2 wyverns
  4 basilisks
  2 steam dragons
  Menkaure (D:6)
  A warg (Orc:1)
  An acid dragon (D:10)
  20 water moccasins
  An ice beast (D:7)
  4 orc warriors
  4 ogres
  14 wolves
  A centaur (D:10)
  2 phantoms
  2 kobold brigands
  7 bullfrogs
  2 necrophages (D:6)
  2 gnoll sergeants
  A scorpion (D:5)
  8 wights
  A lindwurm simulacrum (IceCv)
  5 howler monkeys
  An electric eel (Orc:1)
  6 komodo dragon simulacra (IceCv)
  2 hounds
  2 orc priests
  3 jellies
  3 iguanas
  7 orc wizards
  8 acid dragon simulacra (IceCv)
  6 adders
  9 gnolls
  A shadow imp (D:7)
  10 white imps
  6 steam dragon simulacra (IceCv)
  A worm (D:5)
  3 dart slugs
  20 orcs
  7 ball pythons
  8 bats
  3 endoplasms
  4 giant cockroaches
  6 goblins
  6 hobgoblins
  2 jackals (D:1)
  3 quokkas (D:1)
  2 frilled lizards
  16 kobolds
  7 rats
400 creatures vanquished.

Vanquished Creatures (collateral kills)
  5 white imps (Lair:1)
5 creatures vanquished.

Vanquished Creatures (others)
  A rime drake (IceCv)
  11 fungi
  29 plants
41 creatures vanquished.

Grand Total: 446 creatures vanquished

Notes
Turn   | Place    | Note
-------+----------+-------------------------------------------
     0 | D:1      | 2tousent the Felid Berserker began the quest for the Orb.
     0 | D:1      | Reached XP level 1. HP: 10/10 MP: 2/2
   126 | D:1      | Reached skill level 1 in Stealth
   126 | D:1      | Reached XP level 2. HP: 14/14 MP: 3/3
   126 | D:1      | Found Nigyfia's Armour Boutique.
   539 | D:1      | Reached XP level 3. HP: 17/17 MP: 4/4
   804 | D:2      | Reached ** piety under Trog
  1451 | D:3      | Noticed Sigmund
  1451 | D:3      | Found Hyshek's Assorted Antiques.
  1486 | D:3      | Found Bamej's Book Shop.
  1510 | D:3      | Found a transporter.
  1511 | D:3      | Noticed a phantom
  1515 | D:3      | Noticed LowRida's ghost (amateur TrEE)
  1520 | D:3      | Killed Sigmund
  1521 | D:3      | Reached skill level 5 in Dodging
  1521 | D:3      | Reached skill level 4 in Unarmed Combat
  1521 | D:3      | Reached XP level 4. HP: 2/22 MP: 5/5
  1521 | D:3      | Reached XP level 5. HP: 3/25 MP: 6/6
  1521 | D:3      | Found a transporter.
  1624 | D:3      | Bought 2 black potions for 39 gold pieces
  2108 | D:3      | Found a basalt altar of Yredelemnul.
  2109 | D:3      | Found an ornate altar of the Wu Jian Council.
  2115 | D:3      | Found a glowing golden altar of the Shining One.
  2115 | D:3      | Found a sparkling altar of Nemelex Xobeh.
  2115 | D:3      | Found a burning altar of Makhleb.
  2117 | D:3      | Found a shimmering blue altar of Sif Muna.
  2120 | D:3      | Found a blossoming altar of Fedhas.
  2313 | D:3      | Bought a scroll labelled YNAMULE SEASM for 22 gold pieces
  2327 | D:4      | Identified a scroll of acquirement
  2327 | D:4      | Acquired a manual of Unarmed Combat
  2333 | D:4      | Noticed a phantom
  2343 | D:4      | Killed a phantom
  2344 | D:4      | Reached skill level 5 in Unarmed Combat
  2344 | D:4      | Gained mutation: You are covered in thick fur. (AC +2)
                  | [Felid growth]
  2344 | D:4      | Reached XP level 6. HP: 28/28 MP: 7/7
  2406 | D:4      | Found a glowing silver altar of Zin.
  2537 | D:4      | Found a runed translucent gate.
  2538 | D:4      | Found a runed translucent gate.
  2538 | D:4      | Found a runed translucent gate.
  2544 | D:4      | Noticed flestrin's ghost (amateur DECj)
  3117 | D:5      | Entered Level 5 of the Dungeon
  3125 | D:5      | Reached skill level 6 in Unarmed Combat
  3152 | D:5      | Found a staircase to the Ecumenical Temple.
  3157 | D:5      | Reached XP level 7. HP: 33/33 MP: 8/8
  3211 | D:5      | Noticed Pikel
  3233 | D:5      | Killed Pikel
  3234 | D:5      | Reached skill level 5 in Fighting
  3234 | D:5      | Reached skill level 5 in Stealth
  3234 | D:5      | Reached skill level 8 in Unarmed Combat
  3234 | D:5      | Reached XP level 8. HP: 37/37 MP: 9/9
  3274 | D:5      | Noticed Grinder
  3289 | D:5      | Killed Grinder
  3392 | D:5      | Reached skill level 9 in Unarmed Combat
  3912 | D:6      | Noticed Menkaure
  3927 | D:6      | Killed Menkaure
  3928 | D:6      | Reached skill level 10 in Unarmed Combat
  4083 | D:6      | Noticed Maggie
  4096 | D:6      | Killed Maggie
  4097 | D:6      | Reached XP level 9. HP: 19/41 MP: 10/10
  5031 | D:7      | Reached skill level 11 in Unarmed Combat
  5045 | D:7      | Reached *** piety under Trog
  5341 | D:7      | Found a stormy altar of Qazlal.
  5921 | D:8      | Reached skill level 12 in Unarmed Combat
  5933 | D:8      | Found a radiant altar of Vehumet.
  5979 | D:8      | Found a staircase to the Lair.
  6584 | D:9      | Reached XP level 10. HP: 47/47 MP: 11/11
  6598 | D:9      | Reached skill level 13 in Unarmed Combat
  6902 | D:9      | Found Imanestewn's Overcharged Wands.
  6919 | D:9      | Noticed a two-headed ogre
  6928 | D:9      | Killed a two-headed ogre
  6929 | D:9      | Reached skill level 10 in Dodging
  6929 | D:9      | Reached skill level 10 in Stealth
  7170 | D:9      | Reached skill level 14 in Unarmed Combat
  7370 | D:9      | Acquired a manual of Unarmed Combat
  7472 | D:10     | Entered Level 10 of the Dungeon
  7472 | D:10     | Noticed Joseph
  7478 | D:10     | Killed Joseph
  7493 | D:10     | Reached **** piety under Trog
  7500 | D:10     | Found Woun's Magic Scroll Shoppe.
  7526 | D:10     | Found a portal to a secret trove of treasure.
  7552 | D:10     | Found a staircase to the Orcish Mines.
  7700 | D:10     | Reached XP level 11. HP: 51/51 MP: 12/12
  7714 | D:10     | Reached skill level 15 in Unarmed Combat
  8267 | D:11     | Found a runed translucent gate.
  8267 | D:11     | Found a runed translucent gate.
  8267 | D:11     | Found a runed translucent gate.
  8267 | D:11     | Noticed a purple ugly thing
  8267 | D:11     | Noticed a white ugly thing
  8267 | D:11     | Noticed a purple ugly thing
  8267 | D:11     | Noticed a glowing orange brain
  8267 | D:11     | Noticed a red ugly thing
  8267 | D:11     | Noticed a cyan ugly thing
  8275 | D:11     | Noticed a quicksilver ooze
  8275 | D:11     | a quicksilver ooze changed into a fire dragon
  8275 | D:11     | Noticed a fire dragon (glowing shapeshifter)
  8599 | D:11     | Noticed Amaemon
  8602 | D:11     | Killed Amaemon
  8605 | D:11     | Reached skill level 16 in Unarmed Combat
  8662 | D:11     | Noticed Sonja
  8674 | D:11     | Killed Sonja
  8697 | D:11     | Identified the +1 ring mail of Going Fast {rN+ Int+4}
  8866 | D:11     | a culicivora changed into a mana viper
  8866 | D:11     | Noticed a mana viper (glowing shapeshifter)
  8868 | D:11     | a mana viper changed into a water nymph
  8950 | Lair:1   | Entered Level 1 of the Lair of Beasts
  8950 | Lair:1   | Noticed Fannar
  8964 | Lair:1   | Killed Fannar
  8994 | Lair:1   | Found a frozen archway.
  9010 | Lair:1   | Killed from afar by a white imp
  9011 | Lair:1   | Reached XP level 10. HP: -4/49 MP: 11/11
  9023 | Lair:1   | Noticed a cane toad
  9037 | Lair:1   | Killed a cane toad
  9211 | Lair:1   | Reached XP level 11. HP: 45/53 MP: 12/12
  9342 | Lair:1   | Reached skill level 17 in Unarmed Combat
  9482 | Lair:1   | You fall into a shaft and drop 1 floor!
  9482 | Lair:2   | Noticed a boulder beetle
  9483 | Lair:2   | Killed a boulder beetle
  9610 | Lair:1   | Noticed a death yak
  9647 | IceCv    | Entered an ice cave
 10374 | IceCv    | Reached ***** piety under Trog
 10417 | IceCv    | Noticed a white draconian
 10432 | IceCv    | Killed a white draconian
 10437 | IceCv    | Reached skill level 18 in Unarmed Combat
 10678 | Lair:1   | Reached skill level 10 in Fighting
 10901 | Lair:1   | Noticed Urug
 10911 | Lair:1   | Killed Urug
 11105 | Lair:1   | Gained mutation: Your thick and shaggy fur keeps you warm.
                  | (AC +3, rC+) [Felid growth]
 11105 | Lair:1   | Reached XP level 12. HP: 58/58 MP: 13/13
 11346 | Lair:1   | Killed a death yak
 11720 | Lair:2   | Found a hole to the Spider Nest.
 11985 | Lair:2   | Reached skill level 1 in Evocations
 11986 | Lair:2   | Noticed a six-headed hydra
 11988 | Lair:2   | Found a large runed translucent door.
 11989 | Lair:2   | Found a large runed translucent door.
 11991 | Lair:2   | Killed a six-headed hydra
 11998 | Lair:2   | Noticed Shym's ghost (journeyman HOMo)
 12368 | Lair:2   | Reached skill level 19 in Unarmed Combat
 12850 | Lair:3   | Found a staircase to the Swamp.
 12942 | Lair:3   | Noticed Nergalle
 12960 | Lair:3   | Killed Nergalle
 13093 | Lair:3   | Found a transporter.
 13096 | Lair:3   | Found a transporter.
 13096 | Lair:3   | Noticed bmj180's ghost (adept GrEE)
 13098 | Lair:3   | Noticed an eight-headed hydra
 13599 | Lair:4   | Reached XP level 13. HP: 63/63 MP: 14/14
 14171 | Lair:4   | Found a viscous altar of Jiyva.
 14183 | Lair:4   | Found a staircase to the Slime Pits.
 14339 | Lair:5   | Entered Level 5 of the Lair of Beasts
 14621 | Lair:5   | Found a dark tunnel.
 14627 | Volcano  | Entered a volcano
 14700 | Volcano  | Reached skill level 15 in Stealth
 14711 | Volcano  | Slain by a +2 mace of flaming
 14712 | Volcano  | Reached XP level 12. HP: 0/90 MP: 13/13
 14837 | Volcano  | Identified the +0 pair of gloves "Suwul" {Int+7}
 15159 | Lair:5   | Noticed a six-headed hydra
 15196 | Lair:5   | Reached skill level 5 in Evocations
 15199 | Lair:5   | Killed a six-headed hydra
 15393 | Lair:5   | Killed a death yak
 15484 | Lair:5   | Noticed a catoblepas
 15491 | Lair:5   | Killed a catoblepas
 15498 | Lair:5   | Noticed a death yak
 15512 | Lair:5   | Killed a death yak
 15513 | Lair:5   | Reached XP level 13. HP: 63/63 MP: 14/14
 15552 | Lair:5   | Slain by a catoblepas
 15553 | Lair:5   | Reached XP level 12. HP: -2/60 MP: 13/13
 15555 | Lair:5   | Noticed a death yak
 15555 | Lair:5   | Noticed a death yak
 15563 | Lair:5   | Killed a death yak
 15568 | Lair:5   | Killed a death yak
 15634 | Lair:5   | Noticed a death yak
 15732 | Lair:5   | Reached skill level 20 in Unarmed Combat
 15844 | Lair:5   | Killed a catoblepas
 15921 | Lair:5   | Noticed a death yak
 15924 | Lair:5   | Killed a death yak
 15927 | Lair:5   | Noticed a death yak
 15931 | Lair:5   | Killed a death yak
 15938 | Lair:5   | Killed a death yak
 15950 | Lair:5   | Reached skill level 15 in Dodging
 16018 | Lair:5   | Noticed a catoblepas
 16025 | Lair:5   | Killed a catoblepas
 16661 | Orc:1    | Entered Level 1 of the Orcish Mines
 16669 | Orc:1    | Noticed a two-headed ogre
 16681 | Orc:1    | Killed a two-headed ogre
 16761 | Orc:1    | Killed from afar by a deep elf zephyrmancer

Illustrated notes

Levels and vault maps discovered:
D:1:      giann_wishing_wells, layout_loops_ring, serial_shops, shop
D:2:      layout_loops_ring
D:3:      layout_basic, minitemple, serial_shops, shop, shop,
          gammafunk_ghost_mausoleum, chequers_serial_rivers_micro_a,
          uniq_sigmund
D:4:      layout_loops_ring, mainiacjoe_overflow_cross_hatched,
          gammafunk_ghost_necromancy
D:5:      layout_basic, minmay_temple_entry_tees, minmay_misc_feat_cross,
          uniq_pikel, uniq_grinder
D:6:      layout_layer_cave, uniq_menkaure, uniq_maggie
D:7:      layout_basic, mainiacjoe_overflow_six_doors_small
D:8:      layout_basic, kennysheep_mini_moat, dpeg_oklobed_lair
D:9:      layout_loops_corners, minivault_25_ag, nicolae_shop_overcharged_wands
D:10:     layout_rooms, orc_0_dummy, serial_glass, glass_columns_b,
          glass_columns_a, nicolae_trove_entry_free_sample,
          nicolae_stop_n_shop_2, uniq_joseph
D:11:     layout_roguey, ploomutoo_gammafunk_ghost_potion_laboratory,
          uniq_amaemon, uniq_sonja
Lair:1:   layout_cave_pods, portal_ice_cave_entry_imps, nzn_random_ring,
          grunt_megastairs_1, infiniplex_staircase_pool_2, uniq_fannar,
          uniq_urug
Lair:2:   layout_misc_corridors, nicolae_spider_entry_tight_spaces,
          ebering_ghost_disaster_area, chequers_serial_rivers_marsh,
          serial_bayou_pond_d, grunt_megastairs_4, serial_bayou_shore_b
Lair:3:   layout_big_grid, minmay_swamp_entry_reptiles, gammafunk_ghost_arena,
          nicolae_quartered_pool_super, uniq_nergalle
Lair:4:   layout_hall_layers, dpeg_slime_entry_corner,
          hangedman_lair_generics_rect
Lair:5:   evilmike_catoblepas_cave, layout_loops_ring,
          nicolae_volcano_entry_s_turn
Orc:1:    layout_caves, elves_outpost_lemuel, uniq_maurice

Skill      XL: |  1  2  3  4  5  6  7  8  9 10 11 12 13 |
---------------+----------------------------------------+-----
Stealth        | 1 3 4 5 7 9 12 13 14 15 | 15.7
Dodging        | 5 6 8 9 10 13 15 14 | 15.0
Unarmed Combat | 4 5 6 8 10 12 14 18 20 | 20.1
Fighting       | 4 5 6 7 8 10 11 | 11.7
Evocations     | 5 4 |  5.9

Action                     |  1- 3 |  4- 6 |  7- 9 | 10-12 | 13-15 || total
---------------------------+-------+-------+-------+-------+-------++-------
  Melee: Unarmed           |    95 |    85 |   194 |   785 |    95 ||  1254
         Bite              |    11 |     5 |    25 |   116 |    12 ||   169
         Punch             |     2 |     5 |    13 |    96 |     7 ||   123
 Invoke: Berserk           |     2 |     2 |     8 |    25 |     2 ||    39
         Trog's Hand       |       |     1 |     1 |    16 |     2 ||    20
         Brothers in Arms  |       |       |       |     1 |       ||     1
  Evoke: Wand              |       |       |       |       |     4 ||     4
    Use: Scroll            |     2 |     9 |    10 |    13 |       ||    34
         Potion            |       |       |       |     1 |       ||     1
   Stab: Sleeping          |     6 |     9 |    10 |    33 |    13 ||    71
         Distracted        |       |       |       |     6 |       ||     6
 Armour: Skin              |     3 |     7 |     3 |    11 |     3 ||    27
  Dodge: Dodged            |    71 |    74 |   171 |   592 |    73 ||   981

Table legend: (Time is in decaauts)
 A = Elapsed time spent in this place.
 B = Non-inter-level travel time spent in this place.
 C = Inter-level travel time spent in this place.
 D = Time resting spent in this place.
 E = Time spent auto-exploring this place.
 F = Levels seen in this place.
 G = Mean time per level.
                   A        B        C        D        E       F      G
               +--------+--------+--------+--------+--------+-----+--------+
         Total |  14404 |  13586 |    818 |   1591 |   9286 |  19 |  758.1 |
       Dungeon |   7642 |   7200 |    442 |    433 |   5554 |  11 |  694.7 |
          Lair |   5396 |   5021 |    375 |    751 |   3119 |   5 | 1079.2 |
  Orcish Mines |     87 |     87 |      0 |      2 |     51 |   1 |   87.0 |
      Ice Cave |    878 |    878 |      0 |    397 |    293 |   1 |  878.0 |
       Volcano |    400 |    400 |      0 |      5 |    268 |   1 |  400.0 |
               +--------+--------+--------+--------+--------+-----+--------+

Top non-repeatable levels by time:
  Lair:1: 1671 daAuts
  Lair:5: 1566 daAuts
     D:6: 1085 daAuts
  Lair:2: 926 daAuts
     D:9: 896 daAuts
   IceCv: 878 daAuts
  Lair:4: 766 daAuts
     D:7: 718 daAuts
     D:3: 715 daAuts
     D:4: 675 daAuts
    D:10: 673 daAuts
     D:1: 666 daAuts
     D:8: 590 daAuts
    D:11: 583 daAuts
     D:2: 573 daAuts
